 Dungeon Crawl Stone Soup version 0.24-a0-54-g776a2178cb (webtiles) character file.

Game seed: 13266426723227232262

7498 Flugslaktarn the Cleaver (level 10, -2/92 HPs)
             Began as a Deep Dwarf Fighter on Feb 3, 2019.
             Was a High Priest of Makhleb.
             Slain by a wraith (9 damage)
             ... led by Josephine
             ... on level 10 of the Dungeon.
             The game lasted 00:05:41 (6085 turns).

Flugslaktarn the Cleaver (Deep Dwarf Fighter)       Turns: 6085, Time: 00:05:41

Health: -2/92      AC: 11    Str: 23    XL:     10   Next: 95%
Magic:  9/9        EV:  7    Int:  9    God:    Makhleb [*****.]
Gold:   501        SH: 10    Dex: 12    Spells: 9/9 levels left

rFire    + . .     SeeInvis .   a - +0 war axe
rCold    . . .     Gourm    .   c - +0 shield
rNeg     . . .     Faith    .   b - +0 scale mail
rPois    .         Spirit   .   g - +0 helmet
rElec    .         Reflect  .   (no cloak)
rCorr    .         Harm     .   C - +0 pair of gloves
MR       +....                  (no boots)
Stlth    ..........             (no amulet)
HPRegen  0.00/turn              p - +2 ring of protection
MPRegen  0.11/turn              f - ring of protection from fire

@: non-regenerating, slowed, very heavily drained, very slow
A: damage resistance, heal wounds, sense surroundings 2, no regeneration
a: Heal Wounds, Minor Destruction, Lesser Servant of Makhleb, Major Destruction,
Greater Servant of Makhleb, Renounce Religion


You were on level 10 of the Dungeon.
You worshipped Makhleb.
Makhleb was extremely pleased with you.
You were hungry.

You visited 2 branches of the dungeon, and saw 11 of its levels.
You also visited: Ossuary.

You collected 501 gold pieces.

Inventory:

Hand Weapons
 a - a +0 war axe (weapon)
 D - a cursed +4 battleaxe
Armour
 b - a +0 scale mail (worn)
 c - a +0 shield (worn)
 g - a +0 helmet (worn)
 v - a +0 large shield
 C - a +0 pair of gloves (worn)
Jewellery
 f - a ring of protection from fire (right hand)
 p - a +2 ring of protection (left hand)
 y - a cursed -2 ring of strength
Wands
 t - a wand of acid (7) {@v2}
 B - a wand of clouds (6) {@v3}
Scrolls
 h - 6 scrolls of teleportation {@r3}
 i - 4 scrolls of remove curse {@r2}
 k - a scroll of identify {@r1}
 l - a scroll of enchant armour
 n - a scroll of magic mapping
 r - a scroll of amnesia {unknown}
 x - a scroll of enchant weapon {unknown}
Potions
 d - 3 potions of might {@q4}
 e - 2 potions of haste {@q3}
 j - a potion of flight {unknown}
 m - a potion of agility {@q5}
 o - 4 potions of curing {@q1}
 q - a potion of lignification
 w - 4 potions of heal wounds {@q2}
 z - a potion of brilliance {unknown}
 A - a potion of cancellation {unknown}
Comestibles
 s - 16 rations {@e1}


   Skills:
 + Level 6.5(2.6) Fighting
 * Level 11.7(7.3) Axes
 + Level 8.1(4.0) Armour
 + Level 7.9(3.8) Shields
 + Level 8.4(4.3) Invocations


You had 9 spell levels left.
You didn't know any spells.
Your spell library was empty.

Dungeon Overview and Level Annotations

Branches:
Dungeon (10/15)            Temple (1/1) D:7
   Lair: D:8-11         Orc: D:9-12

Altars:
Ashenzari
Cheibriados
Dithmenos
Elyvilon
Fedhas
Gozag
Hepliaklqana
Kikubaaqudgha
Makhleb
Nemelex Xobeh
Okawaru
Qazlal
Ru
Sif Muna
Trog
Uskayaw
Vehumet
Wu Jian
Xom
Yredelemnul
Zin
The Shining One

Annotations:
D:5 3 runed translucent doors, guttsta's ghost, amateur SpBe
D:10 Josephine


Innate Abilities, Weirdness & Mutations

You are resistant to damage.
You can heal yourself by infusing magical energy.
You passively map the area around you.
You do not regenerate.


Message History

* * * LOW HITPOINT WARNING * * *
Josephine freezes you. You block the wraith's attack. The wraith hits you!
* * * LOW HITPOINT WARNING * * *
The wraith drains your vigour!
You feel yourself slow down.
You feel much better.
Josephine gestures at you while chanting.
The ghostly flame explodes!
You feel drained. The ghostly fireball engulfs you!!
* * * LOW HITPOINT WARNING * * *
The ghostly fireball engulfs Josephine.
Josephine completely resists.
The ghostly fireball engulfs the wraith.
The wraith completely resists.
The ghostly fireball engulfs the wraith.
The wraith completely resists.
The wraith hits you.
* * * LOW HITPOINT WARNING * * *
The wraith drains your vigour!
You feel as though you will be slow longer.
A yak comes into view.
The wraith hits you!
You die...

,, ** , , , , , ,*,*
* * , *
,.###################
,* , ,,
.........<.))......#
* * ,, ,
######.##########.#*
, * #.## * ##**,* ,
#..## ,.. ,, ,, ,
##...##.# * ,*
#....@@y#, ,
........WW.# , * , *
###Y###.#### ,, * #.
,... * ,, * * ..
.#.## , , , ,
..,#.._., * ,*, #
#.#, ,* , ***, * * ..
* ,* * **


You could see Josephine, a yak, 2 wraiths and a killer bee.

Vanquished Creatures
  A two-headed ogre (D:8)
  An unseen horror (D:7)
  Pikel (D:9)
  Joseph (D:9)
  Grinder (D:6)
  2 dream sheep (D:8)
  A hippogriff (D:7)
  2 yaks (D:8)
  A wraith (D:10)
  Grum (D:9)
  A water moccasin (D:6)
  2 orc warriors
  A phantom (D:4)
  A sky beast (D:7)
  3 slaves (D:9)
  An ice beast (D:8)
  An ogre (D:8)
  2 wolves (D:9)
  7 centaurs
  2 big kobolds (D:8)
  A wyvern zombie (D:6)
  7 bullfrogs
  2 water moccasin zombies (Ossuary)
  A wyvern skeleton (D:8)
  6 scorpions
  6 wights
  2 howler monkeys
  3 crimson imps
  A quasit (D:7)
  A bullfrog skeleton (D:5)
  A centaur zombie (D:5)
  3 hounds
  A jelly (D:6)
  4 orc priests
  A centaur skeleton (D:8)
  Jessica (D:2)
  2 iguanas
  12 orc wizards
  11 worker ants
  A killer bee zombie (D:7)
  2 big kobold zombies (Ossuary)
  A hound zombie (D:6)
  3 mummies
  Robin (D:2)
  A howler monkey zombie (D:6)
  10 adders
  4 gnolls
  2 shadow imps
  8 adder zombies (Ossuary)
  A worm (D:2)
  A dart slug (D:2)
  9 leopard geckos
  28 orcs
  7 giant cockroaches
  13 goblins
  7 hobgoblins
  10 jackals
  9 kobolds
  3 quokkas
  A ball python (D:5)
  3 bats
  6 frilled lizards
  4 gnoll zombies (Ossuary)
  2 goblin zombies (D:8)
  3 hobgoblin zombies (Ossuary)
  A jackal skeleton (D:9)
  6 kobold zombies (Ossuary)
  A leopard gecko skeleton (D:4)
  5 orc zombies (Ossuary)
  A quokka zombie (D:5)
  4 rats
257 creatures vanquished.

Vanquished Creatures (others)
  A slave (D:9)
  An orc wizard (D:10)
2 creatures vanquished.

Grand Total: 259 creatures vanquished

Notes
Turn   | Place    | Note
-------+----------+-------------------------------------------
     0 | D:1      | Flugslaktarn the Deep Dwarf Fighter began the quest for the
                  | Orb.
     0 | D:1      | Reached XP level 1. HP: 20/20 MP: 1/1
   106 | D:2      | Noticed Jessica
   109 | D:2      | Killed Jessica
   109 | D:2      | Reached skill level 4 in Axes
   109 | D:2      | Reached XP level 2. HP: 27/27 MP: 2/2
   109 | D:2      | Reached XP level 3. HP: 33/33 MP: 3/3
   116 | D:2      | Noticed Robin
   136 | D:2      | Killed Robin
   196 | D:2      | Found a hide-covered altar of Uskayaw.
   199 | D:2      | Found a basalt altar of Yredelemnul.
   216 | D:2      | Reached XP level 4. HP: 38/40 MP: 4/4
   228 | D:2      | Found an opulent altar of Gozag.
   228 | D:2      | Noticed a centaur
   240 | D:2      | Killed a centaur
   240 | D:2      | Reached skill level 5 in Axes
   240 | D:2      | Reached XP level 5. HP: 28/46 MP: 5/5
   254 | D:2      | Found a burning altar of Makhleb.
   258 | D:2      | Became a worshipper of Makhleb the Destroyer
   311 | D:2      | Reached skill level 6 in Axes
   515 | D:2      | Found a sacrificial altar of Ru.
   664 | D:3      | Reached skill level 1 in Invocations
   672 | D:3      | Reached * piety under Makhleb
   762 | D:3      | Reached XP level 6. HP: 47/55 MP: 6/6
  1302 | D:4      | Reached XP level 7. HP: 54/62 MP: 7/7
  1360 | D:4      | Reached ** piety under Makhleb
  1413 | D:4      | Reached skill level 7 in Axes
  1545 | D:5      | Entered Level 5 of the Dungeon
  1595 | D:5      | Found a runed translucent gate.
  1596 | D:5      | Found a runed translucent gate.
  1597 | D:5      | Found a runed translucent gate.
  2413 | D:5      | Noticed guttsta's ghost (amateur SpBe)
  2534 | D:6      | Reached XP level 8. HP: 35/72 MP: 8/8
  2629 | D:6      | Reached skill level 8 in Axes
  2634 | D:6      | Reached skill level 5 in Armour
  2634 | D:6      | Reached skill level 5 in Shields
  2670 | D:6      | Noticed Grinder
  2695 | D:6      | Killed Grinder
  2768 | D:6      | Reached skill level 5 in Invocations
  2800 | D:6      | Found a bloodstained altar of Trog.
  2840 | D:6      | Reached *** piety under Makhleb
  2899 | D:6      | Reached skill level 9 in Axes
  2983 | D:6      | Gained mutation: You passively map the area around you.
                  | [Deep Dwarf growth]
  2983 | D:6      | Reached XP level 9. HP: 66/79 MP: 9/9
  3284 | D:7      | Found a staircase to the Ecumenical Temple.
  3905 | D:7      | Reached skill level 5 in Fighting
  3945 | D:7      | Killed an unseen horror
  4061 | D:7      | Reached skill level 10 in Axes
  4163 | D:7      | Found a bloodstained altar of Trog.
  4163 | D:7      | Found a radiant altar of Vehumet.
  4413 | Temple   | Entered the Ecumenical Temple
  4456 | D:8      | Noticed a two-headed ogre
  4479 | D:8      | Killed a two-headed ogre
  4510 | D:8      | Reached XP level 10. HP: 42/90 MP: 10/10
  4661 | D:8      | Found a sand-covered staircase.
  4670 | Ossuary  | Entered an ossuary
  4747 | Ossuary  | Reached **** piety under Makhleb
  5328 | D:8      | Reached skill level 11 in Axes
  5456 | D:9      | Noticed Joseph
  5471 | D:9      | Killed Joseph
  5538 | D:9      | Noticed Grum
  5548 | D:9      | Killed Grum
  5591 | D:9      | Noticed Pikel
  5600 | D:9      | Reached ***** piety under Makhleb
  5613 | D:9      | Killed Pikel
  6019 | D:10     | Entered Level 10 of the Dungeon
  6066 | D:10     | Found an opulent altar of Gozag.
  6070 | D:10     | Noticed Josephine
  6085 | D:10     | Slain by a wraith

Vault maps used:
D:1:      lightli_arrival_farm
D:2:      grunt_temple_overflow_cloverleaf, lemuel_doored_altar, uniq_jessica,
          uniq_robin
D:3:      cheibrodos_fertilizer
D:4:      st_stairs_6, minmay_misc_feat_more_columns,
          chequers_serial_rivers_small_a, minmay_joined_circles
D:5:      gammafunk_ghost_necromancy, first_ration, hangedman_decor_points
D:6:      basic_altar, uniq_grinder
D:7:      gammafunk_temple_overflow_wave, minmay_temple_entry_glassed_door
D:8:      nicolae_ossuary_entry_giza, hangedman_ranch
D:9:      uniq_grum, uniq_pikel, uniq_joseph
D:10:     lair_entry_dummy, serial_ice, serial_ice_l, serial_ice_f,
          serial_ice_g, serial_ice_a, serial_ice_n,
          nicolae_gozag_cash_rules_everything_around_me, uniq_psyche,
          uniq_josephine
Temple:   minmay_freezing_vapour_temple
Ossuary:  ossuary_tomb_2

Skill      XL: |  1  2  3  4  5  6  7  8  9 10 |
---------------+-------------------------------+-----
Axes           | 4 5 6 7 9 10 11 | 11.7
Invocations    | 1 2 3 5 6 8 |  8.4
Fighting       | 3 4 5 6 |  6.5
Shields        | 4 5 6 7 |  7.9
Armour         | 4 5 6 8 |  8.1

Action                   |  1- 3 |  4- 6 |  7- 9 | 10-12 || total
-------------------------+-------+-------+-------+-------++-------
Melee: War axe           |    54 |   178 |   426 |   390 ||  1048
 Abil: Heal Wounds       |     1 |     2 |    19 |     8 ||    30
Evoke: Wand              |       |       |     2 |       ||     2
  Use: Scroll            |       |       |     4 |     4 ||     8
       Potion            |       |       |     1 |     3 ||     4
  Eat: Chunk             |       |     2 |     8 |     5 ||    15
       Ration            |       |       |     1 |       ||     1
Armor: Scale mail        |    26 |    73 |   220 |    98 ||   417
Dodge: Dodged            |    24 |    50 |   140 |   112 ||   326
Block: Shield            |    26 |    91 |   241 |   190 ||   548

Table legend:
 A = Non-vault XP
 B = Vault XP
 C = Vault XP percentage of total XP
 D = Non-vault monster count
 E = Vault monster count
 F = Vault count percentage of total count
                 A         B        C        D         E       F
            +---------+---------+-------+---------+---------+-------
      Total |    7109 |    3603 |  33.6 |     179 |      76 |  29.8
            +---------+---------+-------+---------+---------+-------
        D:1 |       8 |       0 |   0.0 |       5 |       0 |   0.0
        D:2 |     192 |      73 |  27.5 |      22 |      12 |  35.3
        D:3 |      98 |       9 |   8.4 |      14 |       6 |  30.0
        D:4 |     343 |     136 |  28.4 |      17 |      10 |  37.0
        D:5 |     401 |       0 |   0.0 |      23 |       0 |   0.0
        D:6 |    1279 |     281 |  18.0 |      24 |       1 |   4.0
        D:7 |    1817 |       0 |   0.0 |      20 |       0 |   0.0
        D:8 |    1929 |    1143 |  37.2 |      22 |       9 |  29.0
        D:9 |     823 |    1453 |  63.8 |      25 |       5 |  16.7
       D:10 |     219 |     205 |  48.3 |       7 |       1 |  12.5
    Ossuary |       0 |     303 | 100.0 |       0 |      32 | 100.0
            +---------+---------+-------+---------+---------+-------
